 Dungeon Crawl Stone Soup version 0.23.0-3-gf3c87f2 (webtiles) character file.

Game seed: 8657846469519399953

14 Azzok the Firebug (level 2, -7/17 HPs)
             Began as an Octopode Fire Elementalist on Feb 22, 2019.
             Mangled by a gnoll
             ... wielding a +0 spear
              (8 damage)
             ... on level 2 of the Dungeon.
             The game lasted 00:01:35 (1139 turns).

Azzok the Firebug (Octopode Fire Elementalist)      Turns: 1139, Time: 00:01:36

Health: -7/17      AC:  2    Str:  7    XL:     2   Next: 41%
Magic:  0/5        EV: 13    Int: 17    God:
Gold:   45         SH:  0    Dex: 12    Spells: 4/5 levels left

rFire    . . .     SeeInvis .   (no weapon)
rCold    . . .     Gourm    .   (no shield)
rNeg     . . .     Faith    .   d - +1 hat
rPois    .         Spirit   .   c - amulet of inaccuracy (curse)
rElec    .         Reflect  .   (no ring)
rCorr    .         Harm     .   (no ring)
MR       .....                  (no ring)
Stlth    +++.......             (no ring)
HPRegen  0.05/turn              (no ring)
MPRegen  0.09/turn              (no ring)
                                (no ring)
                                (no ring)

@: no status effects
A: almost no armour, stealthy swim, amphibious, 8 rings, constrict 8, camouflage
1, gelatinous body 1
a: no special abilities


You were on level 2 of the Dungeon.
You were not hungry.

You visited 1 branch of the dungeon, and saw 2 of its levels.

You collected 45 gold pieces.

Inventory:

Armour
 d - a +1 hat (worn)
Jewellery
 c - a cursed amulet of inaccuracy (around mantle)
Scrolls
 a - a scroll of identify
Potions
 e - a potion of resistance {unknown}
 f - a potion of haste {unknown}
 g - a potion of might {unknown}
Comestibles
 b - a ration
 h - a chunk of flesh


   Skills:
 - Level 2.0 Dodging
 - Level 2.6 Stealth
 + Level 2.2 Spellcasting
 + Level 1.5 Conjurations
 + Level 3.2 Fire Magic


You had 4 spell levels left.
You knew the following spells:

 Your Spells              Type           Power        Failure   Level  Hunger
a - Flame Tongue          Conj/Fire      ##...        7%          1    #......

Your spell library contained the following spells:

 Spells                   Type           Power        Failure   Level  Hunger
 Throw Flame              Conj/Fire      ##....       11%         2    ###....
 Conjure Flame            Conj/Fire      ##......     22%         3    ###....
 Inner Flame              Hex/Fire       #.......     28%         3    ###....
 Sticky Flame             Conj/Fire      ##......     56%         4    #####..
 Fireball                 Conj/Fire      ##........   89%         5    ######.


Dungeon Overview and Level Annotations

Branches:
Dungeon (2/15)

Altars:


Innate Abilities, Weirdness & Mutations

You cannot wear most types of armour.
You are very stealthy in the water. (Stealth+)
You are amphibious.
You can wear up to eight rings at the same time.
You can use your tentacles to constrict eight enemies at once.
Your skin changes colour to match your surroundings (Stealth+).
Your rubbery body absorbs attacks. (AC +1, EV +1)


Message History

* * * LOW MAGIC WARNING * * *
The rat bites you but does no damage.
The gnoll hits you from afar with a +0 spear!
Casting: Flame Tongue (safe; 7% risk of failure)
Confirm with . or Enter, or press ? or * to list all spells.
You don't have enough magic to cast that spell.
Casting: Flame Tongue (safe; 7% risk of failure)
Confirm with . or Enter, or press ? or * to list all spells.
You don't have enough magic to cast that spell.
Casting: Flame Tongue (safe; 7% risk of failure)
Confirm with . or Enter, or press ? or * to list all spells.
You don't have enough magic to cast that spell.
Casting: Flame Tongue (safe; 7% risk of failure)
Confirm with . or Enter, or press ? or * to list all spells.
You don't have enough magic to cast that spell.
A rat comes into view.
The gnoll hits you with a +0 flail!
* * * LOW HITPOINT WARNING * * *
The gnoll hits you from afar with a +0 spear!
You die...

······ ·r···▒
···s··
▒▒▒▒▒▒·S····
▒▒····g▒·▒!··
▒▒···)·gS···▒
▒·····gg··▒
▒·····@···▒
▒·····r···▒
▒·········▒
▒···K·········
▒▒·J··)·····?·
▒·········▒▒▒▒
▒···?·····▒
▒··········
▒·········▒▒


You could see 4 gnolls, an ooze, a giant cockroach (wandering), 2 ball pythons,
a kobold and 2 rats.

Vanquished Creatures
  A dart slug (D:1)
  2 goblins
  A hobgoblin (D:1)
  2 bats (D:1)
  A frilled lizard (D:1)
  4 kobolds (D:1)
  2 rats (D:1)
13 creatures vanquished.

Notes
Turn   | Place    | Note
-------+----------+-------------------------------------------
     0 | D:1      | Azzok the Octopode Fire Elementalist began the quest for
                  | the Orb.
     0 | D:1      | Reached XP level 1. HP: 11/11 MP: 3/3
   543 | D:1      | Reached XP level 2. HP: 17/17 MP: 3/5
  1139 | D:2      | Mangled by a gnoll

Action                   || total
-------------------------++-------
Melee: Unarmed           ||     5
       Constrict         ||     2
 Cast: Flame Tongue      ||    25
  Use: Scroll            ||     2
  Eat: Chunk             ||     1
Armor: Skin              ||     2
Dodge: Dodged            ||    13
